 Dungeon Crawl Stone Soup version 0.29.0-4-gdea44cf6ec (webtiles) character file.

Game seed: 12851924125765123771

51 qw the Chopper (level 3, -2/21 HPs)
             Began as a Tengu Warper on Aug 28, 2022.
             Slain by Grinder (5 damage)
             ... on level 3 of the Dungeon.
             The game lasted 00:00:13 (2356 turns).

qw the Chopper (Tengu Warper)                       Turns: 2356, Time: 00:00:14

Health: -2/21      AC:  3    Str: 19    XL:     3   Next: 83%
Magic:  7/7        EV: 12    Int: 13    God:
Gold:   93         SH:  0    Dex: 13    Spells: 6/6 levels left

rFire   . . .      SeeInvis .   Y - +1 hand axe
rCold   . . .      Faith    .   (no shield)
rNeg    . . .      Spirit   .   b - +0 leather armour
rPois   .          Reflect  .   (helmet restricted)
rElec   .          Harm     .   (no cloak)
rCorr   .          Rampage  .   (no gloves)
Will    .....                   (boots unavailable)
Stlth   +.........              (no amulet)
HPRegen 0.07/turn               i - +6 ring of strength
MPRegen 0.10/turn               (no ring)

@: no status effects
A: beak, talons 3
a: no special abilities


You were on level 3 of the Dungeon.
You visited 1 branch of the dungeon, and saw 3 of its levels.

You collected 93 gold pieces.


Innate Abilities, Weirdness & Mutations

You have a beak for a mouth.
You have claws for feet.


   Skills:
 - Level 2.0 Fighting
 + Level 4.4 Axes
 - Level 1.0 Throwing
 - Level 1.1 Armour
 - Level 2.1 Dodging
 - Level 2.0 Spellcasting
 - Level 2.4 Translocations


You had 6 spell levels left.
You didn't know any spells.
Your spell library contained the following spells:

 Spells                   Type           Power      Damage    Failure   Level
 Blink                    Tloc           14%        N/A       17%         2
 Gell's Gravitas          Tloc           7%         N/A       34%         3
 Lesser Beckoning         Tloc           7%         N/A       34%         3
 Teleport Other           Tloc           7%         N/A       34%         3
 Manifold Assault         Tloc           7%         N/A       97%         5

Inventory:

Hand Weapons
 k - a +0 whip
 Y - a +1 hand axe (weapon)
Armour
 b - a +0 leather armour (worn)
Jewellery
 i - a +6 ring of strength (left hand)
Scrolls
 a - a scroll of identify
Potions
 m - a potion of heal wounds {unknown}

Dungeon Overview and Level Annotations

Branches:
Dungeon (3/15)

Altars:
Elyvilon
Trog

Shops:
D:3 (

Annotations:
D:3 Grinder


Message History

You miss the quokka.
You feel a little less clever now. The quokka barely misses you.
You miss the quokka. The quokka closely misses you.
The quokka barely misses you.
You miss the quokka. Your kick misses the quokka. The quokka bites you.
You hit the quokka. You claw the quokka.
You kill the quokka!
You start resting.
HP restored.
Done exploring.
(D) Dungeon
Where to? (* - list waypoints, Enter - D:3, ? - help)
What level of the Dungeon? (default 1, ? - help)
You climb downwards.
The endoplasm closely misses you.
There is a stone staircase leading up here.
An endoplasm is nearby!
You hit the endoplasm. You claw the endoplasm.
You kill the endoplasm!
There is a stone staircase leading up here.
You see here a +0 dagger.
Found a bloodstained altar of Trog.
Found a white marble altar of Elyvilon.
You now have 93 gold pieces (gained 14).
Grinder comes into view.
Grinder shouts!
Enter note: Grinder gestures at you. Pain shoots through your body!
Grinder hits you.
You writhe in agony.
You closely miss Grinder. Grinder hits you but does no damage.
You hit Grinder. Your kick misses Grinder. You peck Grinder.
Grinder is lightly wounded.
Grinder misses you.
You barely miss Grinder. You claw Grinder!
Grinder is moderately wounded.
Grinder hits you.
You writhe in agony.
You die...

..#.##..........#
####.####.###.##.#
##+# #.# #.##.#
##...# #.# #.##.##
#.....##.# #.....#
.......#.# ##.#..#
.........###.....#
.................#
.......@####...#.#
......5.# ##.##.#
#.....7.# .....#
##..7.\.7 #######
## # 7##


You could see Grinder.

Vanquished Creatures
  An adder (D:2)
  A dart slug (D:2)
  3 bats
  4 endoplasms
  2 giant cockroaches
  7 hobgoblins
  4 quokkas
  4 ball pythons (D:2)
  A frilled lizard (D:2)
  2 goblins
  4 kobolds
  2 rats
35 creatures vanquished.

Vanquished Creatures (others)
  11 plants (D:1)
11 creatures vanquished.

Grand Total: 46 creatures vanquished

Notes
Turn   | Place    | Note
-------+----------+-------------------------------------------
     0 | D:1      | qw the Tengu Warper began the quest for the Orb.
     0 | D:1      | Reached XP level 1. HP: 12/12 MP: 4/4
     0 | D:1      | 0 ||| qw: Version: 0.1-a-89-g26bdef1
     0 | D:1      | 0 ||| qw: Game counter: 2922
     0 | D:1      | 0 ||| qw: Always use a shield: true
     0 | D:1      | 0 ||| qw: God list: Okawaru
     0 | D:1      | 0 ||| qw: Allow faded altars: false
     0 | D:1      | 0 ||| qw: Do Orc after D:15 true
     0 | D:1      | 0 ||| qw: Do second Lair branch before Depths: true
     0 | D:1      | 0 ||| qw: Lair rune preference: random
     0 | D:1      | 0 ||| qw: Plans: Normal
     0 | D:1      | 0 ||| PLANNING D:1-11
   509 | D:1      | Reached skill level 3 in Axes
   509 | D:1      | Reached XP level 2. HP: 17/17 MP: 6/6
   582 | D:1      | Found a faded altar of an unknown god.
  1164 | D:1      | 1164 ||| UPGRADING to +6 ring of strength.
  1165 | D:1      | 1165 ||| READING scroll labelled GEVVOVIBLU.
  1266 | D:1      | 1266 ||| READING scroll labelled LOMUOSIEX.
  1267 | D:1      | 1267 ||| READING scroll labelled FIUTUB JAAT.
  1268 | D:1      | 1268 ||| READING scroll labelled BIPIRY GONUKHO.
  1272 | D:1      | 1272 ||| READING scroll labelled HIGETULIPI.
  1273 | D:1      | 1273 ||| READING scroll labelled COITWU UWOCY.
  1274 | D:1      | 1274 ||| READING scroll labelled JOLYUPEESM.
  1275 | D:1      | 1275 ||| DROPPING scroll of blinking.
  1329 | D:2      | 1329 ||| Stepping ~*~*~tactically~*~*~ (hiding).
  1330 | D:2      | 1330 ||| Stepping ~*~*~tactically~*~*~ (hiding).
  1552 | D:2      | Reached XP level 3. HP: 19/21 MP: 7/7
  1558 | D:2      | 1558 ||| Stepping ~*~*~tactically~*~*~ (stealth).
  1566 | D:2      | 1566 ||| Stepping ~*~*~tactically~*~*~ (stealth).
  1579 | D:2      | Reached skill level 4 in Axes
  1609 | D:2      | 1609 ||| Stepping ~*~*~tactically~*~*~ (stealth).
  1619 | D:2      | 1619 ||| Stepping ~*~*~tactically~*~*~ (stealth).
  2112 | D:2      | 2112 ||| READING scroll labelled WEWETA ELUKK.
  2113 | D:2      | 2113 ||| DRINKING 2 yellow potions.
  2114 | D:2      | 2114 ||| DROPPING potion of brilliance.
  2149 | D:3      | 2149 ||| STAIRDANCE
  2314 | D:3      | Found a bloodstained altar of Trog.
  2318 | D:3      | Found a white marble altar of Elyvilon.
  2351 | D:3      | Noticed Grinder
  2352 | D:3      | Found Tyicadd's Weapon Shoppe.
  2353 | D:3      | HP: 4/21 [Grinder (6)]
  2356 | D:3      | Slain by Grinder

Levels and vault maps discovered:
D:1:      roderic_crop_circles_arrival_small, layout_loops_corners,
          basic_ecumenical_altar
D:2:      layout_basic
D:3:      layout_loops_corners, grunt_temple_overflow_open, serial_shops,
          nicolae_shop_trees, serial_bayou_lagoon_b, uniq_grinder, uniq_ijyb

Skill      XL: |  1  2  3 |
---------------+----------+-----
Axes           | 3 4 |  4.4
Fighting       | |  2.0
Throwing       | |  1.0
Armour         | |  1.1
Dodging        | |  2.1
Spellcasting   | |  2.0
Translocations | |  2.4

Action                   || total
-------------------------++-------
Melee: Hand axe          ||    89
       Kick              ||    18
       Peck              ||    15
Throw: Boomerang         ||     7
  Use: Scroll            ||     8
       Potion            ||     1
Armor: Leather armour    ||    14
Dodge: Dodged            ||    56

Table legend:
 A = Non-vault XP
 B = Vault XP
 C = Vault XP percentage of total XP
 D = Non-vault monster count
 E = Vault monster count
 F = Vault count percentage of total count
                 A         B        C        D         E       F
            +---------+---------+-------+---------+---------+-------
      Total |      74 |       0 |   0.0 |      35 |       0 |   0.0
            +---------+---------+-------+---------+---------+-------
        D:1 |      23 |       0 |   0.0 |      14 |       0 |   0.0
        D:2 |      47 |       0 |   0.0 |      19 |       0 |   0.0
        D:3 |       4 |       0 |   0.0 |       2 |       0 |   0.0
            +---------+---------+-------+---------+---------+-------
